 Dungeon Crawl Stone Soup version 0.31-a0-435-g2c6fae2916 (webtiles) character file.

Game seed: 17635934719740924783

7956 CraigForest the Carver (level 11, -2/77 HPs)
             Began as a Merfolk Gladiator on Aug 2, 2023.
             Was a Believer of Hepliaklqana.
             Slain by a wraith (7 damage)
             ... led by Josephine
             ... on level 10 of the Dungeon.
             The game lasted 00:36:43 (9355 turns).

CraigForest the Carver (Merfolk Gladiator)          Turns: 9355, Time: 00:36:44

Health: -2/77      AC: 12    Str: 15    XL:     11   Next: 23%
Magic:  11/11      EV: 16    Int:  8    God:    Hepliaklqana [**....]
Gold:   577        SH:  0    Dex: 19    Spells: 10/10 levels left

rFire   . . .        L - +4 great sword
rCold   . . .        (shield currently unavailable)
rNeg    . . .        C - +1 swamp dragon scales
rPois   +            c - +0 helmet
rElec   .            (no cloak)
rCorr   .            f - +0 pair of gloves
SInv    .            (no boots)
Will    +....        I - amulet of regeneration
Stlth   ++           (no ring)
HPRegen 1.12/turn    (no ring)
MPRegen 0.12/turn

%: clarity
@: slowed, very slow
A: reduced essence, (nimble swimmer 2), mertail, clarity, strong-willed 1
a: Renounce Religion, Recall Ancestor, Ancestor Identity


You were on level 10 of the Dungeon.
You worshipped Hepliaklqana.
Hepliaklqana was pleased with you.
You visited 2 branches of the dungeon, and saw 11 of its levels.

You collected 577 gold pieces.

Inventory:

Hand Weapons
 a - a +1 long sword
 u - a +0 orcbow
 F - a +4 scimitar
 L - a +4 great sword (weapon)
Missiles
 d - 5 throwing nets
 j - a javelin
 m - 5 atropa-tipped darts
 q - 5 curare-tipped darts (quivered)
 B - 22 poisoned darts
Armour
 b - a +0 leather armour
 c - a +0 helmet (worn)
 f - a +0 pair of gloves (worn)
 h - a +0 troll leather armour
 p - a +0 ring mail
 t - a +1 chain mail of positive energy
 C - +1 swamp dragon scales (worn)
 G - +0 steam dragon scales
Magical Staves
 o - a staff of poison
 s - a staff of death
 D - a staff of cold
Jewellery
 v - an amulet of guardian spirit
 z - an amulet of faith
 I - an amulet of regeneration (around neck)
Wands
 i - a wand of charming (14)
 H - a wand of mindburst (10)
Scrolls
 g - 2 scrolls of amnesia
 k - a scroll of blinking
 l - 2 scrolls of immolation {unknown}
 r - 4 scrolls of teleportation
 w - a scroll of identify
 y - a scroll of revelation
Potions
 e - 4 potions of haste
 n - a potion of brilliance
 x - 2 potions of mutation
 A - a potion of enlightenment
 J - a potion of degeneration
 K - a potion of might {unknown}


   Skills:
 + Level 7.8 Fighting
 + Level 13.5 Long Blades
 + Level 3.5 Throwing
 + Level 5.9 Armour
 + Level 9.0 Dodging
 + Level 4.4 Stealth


You had 10 spell levels left.
You didn't know any spells.
Your spell library contained the following spells:

 Spells                   Type           Power      Damage    Failure   Level
 Summon Small Mammal      Summ           0%         N/A       61%         1
 Cigotuvi's Dreadful Rot  Necr/Pois/Air  0%         N/A       75%         2
 Call Canine Familiar     Summ           0%         N/A       93%         3
 Summon Guardian Golem    Hex/Summ       0%         N/A       93%         3
 Dispel Undead            Necr           0%         3d6       100%        4
 Death Channel            Necr           0%         N/A       100%        6


Dungeon Overview and Level Annotations

Branches:
Dungeon (10/15)            Temple (1/1) D:7
   Lair: D:8-11         Orc: D:9-12

Altars:
Ashenzari
Cheibriados
Dithmenos
Fedhas
Gozag
Hepliaklqana
Kikubaaqudgha
Makhleb
Nemelex Xobeh
Okawaru
Qazlal
Ru
Trog
Uskayaw
Vehumet
Wu Jian
Xom
Yredelemnul
Zin
The Shining One

Annotations:
D:10 Josephine


Innate Abilities, Weirdness & Mutations

Your life essence is reduced to manifest your ancestor. (-10% HP)
((You are very nimble when in or above water. (Stealth+, EV+, Speed+++)))
Your lower body shifts to a powerful aquatic tail in water.
You possess an exceptional clarity of mind.
You are strong-willed. (Will+)


Message History

Ramose hits Fannar with a +0 dagger of draining!
The ice beast misses you. The centaur hits you. The centaur barely misses you.
Ramose hits Fannar with a +0 dagger of draining!
The wraith barely misses you. The wraith hits you but does no damage.
Josephine points at you and mumbles some strange words.
The ghostly flame explodes!
The ghostly fireball engulfs the wraith.
The wraith completely resists.
The ghostly fireball engulfs you!!
You feel drained.
* * * LOW HITPOINT WARNING * * *
The ghostly fireball engulfs the wraith.
The wraith completely resists.
The ghostly fireball engulfs the wraith.
The wraith completely resists.
The ghostly fireball engulfs Josephine.
Josephine completely resists.
The ghostly fireball engulfs the orc!!
The orc is drained!
The orc dies!
The wraith misses you.
Fannar mumbles some strange words.
Ramose gestures at Fannar while chanting.
Fannar resists with almost no effort.
The ice beast hits you but does no damage.
The centaur barely misses you.
The centaur kicks you but does no damage.
You hear a shout! x4; You hear an angry growl.
Okay, then.
Blink to where?
Press: ? - help, Dir - move target
As you read the scroll of blinking, it crumbles to dust.
Fannar hits Ramose with a +0 quarterstaff of freezing!
Fannar freezes Ramose.
Ramose barely misses Fannar.
Ramose hits Fannar but does no damage.
Ramose drains Fannar.
Fannar dies!
The ice beast disappears in a puff of smoke! x2
Your life force feels restored.
Your Dodging skill increases to level 9!
The centaur closely misses you. The centaur barely misses you.
Josephine screams, "I'll use your head as a decoration in my hut!"
The centaur misses you. x2; The wraith hits you!
You die...

K..........?.. ...
.............###.(.
..............#....
...................
.(....?............
...................
........W.W........
.......@W.W@)......
..<.....co.o.).....
.......).R.).......
...........o.......
...................
..............#....
.............###...
..........$..[ ...
....?...$. ..


You could see the friendly Ramose the hexer, Josephine, 4 wraiths, an orc
warrior, a centaur, 2 orcs and a kobold.

Vanquished Creatures
  A sixfirhy (D:8)
  Maggie (D:6)
  Psyche (D:8)
  2 trolls (D:9)
  Sigmund (D:3)
  A wyvern (D:9)
  10 yaks (D:9)
  A steam dragon (D:8)
  An acid dragon (D:9)
  A sky beast (D:8)
  3 black bears
  An ogre (D:4)
  A centaur (D:10)
  2 kobold brigands
  Blork the orc (D:5)
  4 bullfrogs (D:7)
  2 scorpions
  12 wights
  9 killer bees (D:9)
  5 hounds
  A jelly (D:4)
  3 orc priests
  2 sleepcaps
  Jessica (D:3)
  3 iguanas
  Natasha (thrice) (D:2)
  4 orc wizards
  3 gnolls (D:7)
  7 adders
  An ufetubus (D:5)
  3 worms
  2 dart slugs
  26 orcs
  10 ball pythons
  7 bats
  9 endoplasms
  A giant cockroach (D:1)
  7 goblins
  4 hobgoblins
  10 jackals
  19 kobolds
  3 quokkas
  4 frilled lizards (D:1)
  6 rats
199 creatures vanquished.

Vanquished Creatures (collateral kills)
  Fannar (D:10)
  4 yaks
  A sky beast (D:7)
  An orc warrior (D:8)
  An ice beast (D:8)
  A killer bee (D:9)
  A gnoll bouda (D:7)
  An orc priest (D:8)
  An orc wizard (D:8)
  A gnoll (D:7)
13 creatures vanquished.

Vanquished Creatures (others)
  2 hexers (D:9)
  An orc wizard (D:8)
  2 ancestors (D:8)
  2 orcs
7 creatures vanquished.

Grand Total: 219 creatures vanquished

Notes
Turn   | Place    | Note
-------+----------+-------------------------------------------
     0 | D:1      | CraigForest the Merfolk Gladiator began the quest for the
                  | Orb.
     0 | D:1      | Reached XP level 1. HP: 16/16 MP: 1/1
    78 | D:1      | Found a faded altar of an unknown god.
   145 | D:1      | Reached XP level 2. HP: 17/22 MP: 2/2
   198 | D:1      | Reached skill level 4 in Long Blades
   386 | D:1      | Reached XP level 3. HP: 16/28 MP: 3/3
   867 | D:1      | Gained mutation: You possess an exceptional clarity of
                  | mind. [potion of mutation]
   867 | D:1      | Gained mutation: You are strong-willed. (Will+) [potion of
                  | mutation]
  1285 | D:2      | Reached XP level 4. HP: 28/34 MP: 4/4
  1613 | D:2      | Noticed Natasha
  1630 | D:2      | Killed Natasha
  1631 | D:2      | Reached skill level 1 in Armour
  1631 | D:2      | Reached skill level 5 in Dodging
  2293 | D:2      | Noticed Natasha
  2307 | D:2      | Killed Natasha
  2308 | D:2      | Reached skill level 5 in Long Blades
  2308 | D:2      | Reached XP level 5. HP: 19/39 MP: 5/5
  2429 | D:2      | Noticed Natasha
  2437 | D:2      | Killed Natasha
  2491 | D:3      | Noticed Sigmund
  2504 | D:3      | Killed Sigmund
  2505 | D:3      | Reached skill level 1 in Stealth
  2505 | D:3      | Reached XP level 6. HP: 23/47 MP: 6/6
  2689 | D:3      | Found a sparkling altar of Nemelex Xobeh.
  2719 | D:3      | Noticed Jessica
  2726 | D:3      | Killed Jessica
  3729 | D:4      | Reached XP level 7. HP: 52/52 MP: 7/7
  3766 | D:4      | Reached skill level 6 in Long Blades
  3790 | D:4      | Found a glowing silver altar of Zin.
  4587 | D:5      | Entered Level 5 of the Dungeon
  4648 | D:5      | Reached skill level 7 in Long Blades
  4868 | D:5      | Found a hazy altar of Hepliaklqana.
  4874 | D:5      | Became a worshipper of Hepliaklqana the Forgotten
  4918 | D:5      | Reached XP level 8. HP: 44/60 MP: 5/8
  5135 | D:5      | Noticed Blork the orc
  5151 | D:5      | Killed Blork the orc
  5152 | D:5      | Reached skill level 8 in Long Blades
  5316 | D:6      | Noticed Maggie
  5340 | D:6      | Killed Maggie
  5675 | D:6      | Reached skill level 5 in Fighting
  5675 | D:6      | Reached skill level 9 in Long Blades
  5689 | D:6      | Reached XP level 9. HP: 23/58 MP: 2/9
  6112 | D:6      | Reached * piety under Hepliaklqana
  6159 | D:6      | Found an ancient bone altar of Kikubaaqudgha.
  6617 | D:7      | Reached skill level 10 in Long Blades
  6971 | D:7      | Found a staircase to the Ecumenical Temple.
  7037 | Temple   | Entered the Ecumenical Temple
  7215 | D:8      | HP: 2/62 [steam dragon (2)]
  7605 | D:8      | Noticed Psyche
  7854 | D:8      | Killed Psyche
  7855 | D:8      | Reached skill level 11 in Long Blades
  7855 | D:8      | Reached skill level 5 in Armour
  7855 | D:8      | Reached XP level 10. HP: 63/68 MP: 7/10
  7912 | D:8      | Reached ** piety under Hepliaklqana
  7913 | D:8      | Remembered your ancestor Ramose as a hexer
  7966 | D:8      | Found a blossoming altar of Fedhas.
  8006 | D:8      | Noticed a sixfirhy
  8007 | D:8      | Found a runed translucent door.
  8040 | D:8      | Killed a sixfirhy
  8557 | D:9      | Found a shimmering altar of Xom.
  8577 | D:9      | Reached skill level 12 in Long Blades
  8646 | D:9      | Found a glowing golden altar of the Shining One.
  8758 | D:9      | Reached XP level 11. HP: 75/75 MP: 11/11
  8759 | D:9      | Reached skill level 13 in Long Blades
  8777 | D:9      | Found a snail-covered altar of Cheibriados.
  9045 | D:9      | Found a sacrificial altar of Ru.
  9340 | D:10     | Entered Level 10 of the Dungeon
  9340 | D:10     | Noticed Fannar
  9349 | D:10     | Noticed Josephine
  9353 | D:10     | HP: 1/72 [Josephine/ghostly fireball (28)]
  9354 | D:10     | Killed Fannar
  9355 | D:10     | Slain by a wraith

Illustrated notes

Levels and vault maps discovered:
D:1:      dpeg_arrival_rooms_b, layout_loops_ring,
          dilly_ecumenical_altar_fadedgnrine
D:2:      layout_basic, uniq_natasha
D:3:      layout_loops_ring, mainiacjoe_overflow_concentric_impassable,
          uniq_jessica, uniq_sigmund
D:4:      layout_basic, nicolae_overflow_crystal_walls,
          hangedman_abyss_or_decor_passed
D:5:      layout_gridville, kennysheep_mini_moat, eino_curves_01,
          uniq_blork_the_orc
D:6:      layout_basic, mainiacjoe_overflow_24_doors, fountainhead, uniq_maggie
D:7:      layout_loops_ring, temple_green, roderic_cross_of_infinity
D:8:      cheibrodos_shockbox, layout_cave_pools, lemuel_doored_altar,
          nrook_campfire, minmay_statues_item, uniq_psyche
D:9:      layout_loops_cross, mainiacjoe_overflow_six_doors_small,
          tso_oasis_becter, nicolae_ru_path_of_blood, general_overflow_altar
D:10:     layout_big_octagon, lemuel_crystal_altar, lemuel_tele_altar,
          david_lair_generic, orc_david_3, uniq_sonja, uniq_fannar,
          uniq_josephine
Temple:   hellmonk_temple_of_storms

Skill      XL: |  1  2  3  4  5  6  7  8  9 10 11 |
---------------+----------------------------------+-----
Long Blades    | 4 5 7 9 11 12 13 | 13.5
Armour         | 1 2 3 4 5 |  5.9
Dodging        | 5 6 7 8 9 |  9.0
Fighting       | 3 4 5 6 7 |  7.8
Stealth        | 1 2 3 4 |  4.4
Throwing       | 3 |  3.5

Action                     |  1- 3 |  4- 6 |  7- 9 | 10-12 || total
---------------------------+-------+-------+-------+-------++-------
  Melee: Long sword        |   122 |   167 |   374 |       ||   663
         Punch             |     1 |     4 |     6 |       ||    11
         Tailslap          |       |     1 |       |       ||     1
         Great sword       |       |       |    29 |   136 ||   165
  Throw: Javelin           |     1 |       |     1 |       ||     2
         Dart              |       |       |    21 |     4 ||    25
 Invoke: Ancestor Life: He |       |       |       |     1 ||     1
    Use: Scroll            |     6 |     7 |     5 |     3 ||    21
         Potion            |     1 |     3 |     7 |       ||    11
   Stab: Sleeping          |     1 |     5 |     4 |     1 ||    11
         Invisible         |       |       |     2 |       ||     2
         Distracted        |       |       |     2 |     2 ||     4
         Confused          |       |       |       |     5 ||     5
 Armour: Leather armour    |    43 |    24 |       |       ||    67
         Ring mail         |       |    26 |    16 |       ||    42
         Chain mail        |       |       |    76 |       ||    76
         Swamp dragon scal |       |       |   109 |    54 ||   163
  Dodge: Dodged            |   121 |   156 |   268 |   135 ||   680

Table legend: (Time is in decaauts)
 A = Elapsed time spent in this place.
 B = Non-inter-level travel time spent in this place.
 C = Inter-level travel time spent in this place.
 D = Time resting spent in this place.
 E = Time spent auto-exploring this place.
 F = Levels seen in this place.
 G = Mean time per level.
                   A        B        C        D        E       F      G
               +--------+--------+--------+--------+--------+-----+--------+
         Total |   9392 |   9200 |    192 |    567 |   6096 |  11 |  853.8 |
       Dungeon |   9390 |   9198 |    192 |    567 |   6096 |  10 |  939.0 |
        Temple |      1 |      1 |      0 |      0 |      0 |   1 |    1.0 |
               +--------+--------+--------+--------+--------+-----+--------+

Top non-repeatable levels by time:
     D:2: 1590 daAuts
     D:4: 1345 daAuts
     D:7: 1197 daAuts
     D:6: 1112 daAuts
     D:9: 964 daAuts
     D:1: 908 daAuts
     D:3: 789 daAuts
     D:8: 786 daAuts
     D:5: 679 daAuts
    D:10: 17 daAuts
  Temple: 1 daAuts
